 Dungeon Crawl Stone Soup version 0.28.0-53-g5a82cb258f (webtiles) character file.

Game seed: 18286784096090806741

325603 MisterFreud the Sensei (level 20, -8/280 HPs)
             Began as a Purple Draconian Transmuter on June 5, 2022.
             Was a High Priest of Elyvilon.
             Killed from afar by a fire giant (24 damage)
             ... with a fireball
             ... on level 2 of the Vaults.
             The game lasted 01:43:05 (66939 turns).

MisterFreud the Sensei (DrTm)                      Turns: 66939, Time: 01:43:05

Health: -8/280     AC: 20    Str: 25    XL:     20   Next: 74%
Magic:  3/32       EV: 27    Int: 16    God:    Elyvilon [*****.]
Gold:   741        SH:  0    Dex: 16    Spells: 14/35 levels left

rFire   . . .      SeeInvis +     - Unarmed
rCold   . . .      Faith    .   (shield currently unavailable)
rNeg    . . .      Spirit   .   (armour unavailable)
rPois   +          Reflect  .   (helmet currently unavailable)
rElec   .          Harm     .   (cloak currently unavailable)
rCorr   +          Rampage  .   (gloves currently unavailable)
Will    +++..                   (boots currently unavailable)
Stlth   +.........              A - amulet of the acrobat
HPRegen 0.56/turn               k - ring of resist corrosion
MPRegen 0.23/turn               H - ring of see invisible

@: dragon-form, acrobatic, flying, very slightly contaminated, studying Shields
A: dragon claw, dragon scales, flying, boosted hp, breathe power, AC +10, giant,
unfitting armour, (cold-blooded)
}: 2/15 runes: barnacled, gossamer
a: Breathe Dispelling Energy, End Transformation, Renounce Religion,
Purification, Heal Other, Heal Self, Divine Vigour


You were on level 2 of the Vaults.
You worshipped Elyvilon.
Elyvilon was extremely pleased with you.
You were a fearsome quicksilver dragon!
You visited 6 branches of the dungeon, and saw 33 of its levels.
You visited 1 bazaar.

You collected 4295 gold pieces.
You spent 3554 gold pieces at shops.

Inventory:

Missiles
 x - 7 throwing nets (quivered)
 E - 6 boomerangs
Armour
 b - a +2 pair of gloves (melded)
 e - a +2 pair of boots (melded)
 D - a +2 cloak (melded)
 K - the +2 hat of Precision Catastrophes (melded) {rElec Will+ Str+2 Stlth+}
   (You found it on level 1 of the Vaults)

   Str:       It affects your strength (+2).
   rElec:     It insulates you from electricity.
   Will:      It increases your willpower.
   Stlth:     It makes you more stealthy.
Jewellery
 i - the ring "Polol" {rPois Will+ MP-9 Int+6}
   (You took it off a gnoll on level 8 of the Dungeon)

   [ring of intelligence]

   Int:       It affects your intelligence (+6).
   rPois:     It protects you from poison.
   MP:        It affects your magic capacity (-9).
   Will:      It increases your willpower.
 k - a ring of resist corrosion (left foreclaw)
 v - a +4 ring of evasion
 y - a ring of willpower
 A - an amulet of the acrobat (around neck)
 H - a ring of see invisible (right foreclaw)
 X - a +4 ring of protection
Wands
 m - a wand of acid (7)
 t - a wand of polymorph (7)
 w - a wand of digging (14)
 C - a wand of iceblast (16)
 F - a wand of paralysis (26)
 L - a wand of charming (16)
 W - a wand of mindburst (17)
Scrolls
 f - 5 scrolls of fog
 j - 8 scrolls of teleportation
 u - a scroll of fear
 G - a scroll of blinking
 I - 6 scrolls of enchant armour
 M - 3 scrolls of amnesia
 N - a scroll of summoning
 S - 21 scrolls of identify
 U - 2 scrolls of silence
 V - 2 scrolls of holy word
 Y - a scroll of magic mapping
Potions
 a - 6 potions of heal wounds
 c - a potion of cancellation
 d - 14 potions of curing
 g - 2 potions of resistance
 h - 6 potions of mutation
 l - 5 potions of attraction
 n - 9 potions of haste
 o - a potion of berserk rage
 p - 4 potions of lignification
 q - a potion of flight
 r - 2 potions of brilliance
 z - a potion of might
 B - a potion of invisibility
 Q - a potion of magic
 T - 5 potions of ambrosia
Miscellaneous
 J - a piece from Xom's chessboard (15/15)
 O - a phial of floods
 P - a phantom mirror
 R - a box of beasts
 Z - a lightning rod (4/4)


   Skills:
 + Level 17.8 Fighting
 - Level 10.0 Dodging
 + Level 21.7 Unarmed Combat
 - Level 8.0 Spellcasting
 - Level 8.0 Conjurations
 - Level 18.0 Transmutations
 - Level 4.0 Ice Magic
 - Level 12.0 Invocations
 - Level 10.0 Evocations


You had 14 spell levels left.
You knew the following spells:

 Your Spells              Type           Power      Damage    Failure   Level
a - Dragon Form           Tmut           29%        N/A       6%          7
b - Wereblood             Tmut           59%        N/A       0%          2
c - Spider Form           Tmut/Pois      35%        N/A       1%          3
d - Ice Form              Ice/Tmut       41%        N/A       1%          4
e - Irradiate             Conj/Tmut      24%        3d21      1%          5

Your spell library contained the following spells:

 Spells                   Type           Power      Damage    Failure   Level
 Beastly Appendage        Tmut           100%       N/A       0%          1
 Blade Hands              Tmut           29%        N/A       1%          5
 Foxfire                  Conj/Fire      76%        2x1d7     2%          1
 Freeze                   Ice            76%        1d9       2%          1
 Ignite Poison            Fire/Tmut/Pois 25%        N/A       2%          3
 Conjure Flame            Conj/Fire      19%        6-21      6%          3
 Ozocubu's Armour         Ice            19%        N/A       6%          3
 Animate Skeleton         Necr           12%        N/A       11%         1
 Pain                     Necr           24%        1d5       11%         1
 Slow                     Hex            24%        N/A       11%         1
 Iskenderun's Battlesphe  Conj           32%        2d8       12%         5
 Flame Wave               Conj/Fire      19%        2d6       22%         4
 Sticky Flame             Conj/Fire      19%        2d4       22%         4
 Confusing Touch          Hex            6%         N/A       32%         3
 Gell's Gravitas          Tloc           6%         N/A       32%         3
 Inner Flame              Hex/Fire       6%         N/A       32%         3
 Lesser Beckoning         Tloc           6%         N/A       32%         3
 Teleport Other           Tloc           6%         N/A       32%         3
 Tukima's Dance           Hex            6%         N/A       32%         3
 Vampiric Draining        Necr           6%         2d6       32%         3
 Freezing Cloud           Conj/Ice/Air   9%         6-21      52%         5
 Anguish                  Hex/Necr       3%         N/A       73%         4
 Cause Fear               Hex            3%         N/A       73%         4
 Summon Lightning Spire   Summ/Air       6%         N/A       73%         4
 Metabolic Englaciation   Hex/Ice        6%         N/A       80%         5
 Storm Form               Tmut/Air       17%        N/A       93%         7
 Iron Shot                Conj/Erth      9%         9d3       97%         6
 Dispersal                Tloc           3%         N/A       100%        6
 Simulacrum               Ice/Necr       6%         N/A       100%        6
 Enfeeble                 Hex            3%         N/A       100%        7
 Spellforged Servitor     Conj/Summ      9%         N/A       100%        7
 Disjunction              Tloc           3%         N/A       100%        8
 Maxwell's Capacitive Co  Air            3%         ∞         100%        8
 Necromutation            Tmut/Necr      17%        N/A       100%        8
 Dragon's Call            Summ           3%         N/A       100%        9


Dungeon Overview and Level Annotations

Branches:
Dungeon (15/15)            Temple (0/1) D:7            Lair (6/6) D:10
 Shoals (4/4) Lair:4       Spider (4/4) Lair:3        Slime (0/5) Lair:6
    Orc (2/2) D:10            Elf (0/3) Orc:2        Vaults (2/5) D:13
 Depths (0/4) D:15
  Crypt: Vaults:2-3

Altars:
Dithmenos
Elyvilon
Okawaru
Vehumet
Yredelemnul
Zin

Shops:
D:1 *   D:9 :[*[(   D:14 *   D:15 *   Orc:2 !(!*   Shoals:3 !

Portals:
Trove: D:15 (give 4 potions of resistance)

Annotations:
Orc:2 2 runed translucent doors, exclusion: orange crystal statue


Innate Abilities, Weirdness & Mutations

You are a fearsome quicksilver dragon!
You have a powerful clawing attack.
Your giant scaled body is strong and resiliant, but less evasive.
Your breath weapon is enhanced in this form.
You are flying.
Your maximum health is greatly increased.
Your armour is entirely melded.
You are incapable of wielding weapons or throwing items.
You can breathe bolts of dispelling energy.
Your rich purple scales are hard. (AC +10)
You cannot fit into any form of body armour.
((You are cold-blooded and may be slowed by cold attacks.))


Message History

Okay, then.
Unknown command.
Unknown command.
Unknown command.
You feel much better.
The yaktaur is recalled. x2
The ironbound preserver is recalled.
The deep troll bites you.
* * * LOW HITPOINT WARNING * * *
The deep troll barely misses you.
The deep troll claws you but does no damage.
The fire giant points at you and mumbles some strange words.
The bolt of fire hits you!!
* * * LOW HITPOINT WARNING * * *
The ironbound convoker hits you but does no damage.
An ironbound preserver comes into view. It is wielding a +0 flail.
The yaktaur hits you but does no damage.
A yaktaur comes into view.
The yaktaur hits you but does no damage.
A yaktaur comes into view.
You feel much better. The deep troll bites you!
* * * LOW HITPOINT WARNING * * *
The deep troll claws you but does no damage.
The deep troll claws you.
* * * LOW HITPOINT WARNING * * *
The fire giant gestures at you while chanting.
The bolt of fire hits you! Elyvilon protects you from harm!
The ironbound convoker drinks a potion.
The ironbound convoker flickers and vanishes for a moment.
The yaktaur wields a +0 arbalest.
The yaktaur shoots a bolt.
The bolt hits the ironbound convoker!!
The yaktaur hits you but does no damage. x2
As you read the scroll of fear, it crumbles to dust.
You assume a fearsome visage.
The fire giant looks frightened!
The deep troll looks frightened!
The ironbound preserver looks frightened!
The yaktaur looks frightened! x3
The ironbound convoker looks frightened!
The fire giant points at you and mumbles some strange words.
The fireball explodes!
The fireball engulfs you!!
You die...

########,,,,,,,,*,,
#......#,,,,,,,,*,,
#......#,,,,,,,,*,,
#......+,,,,,,,,*,,
#..p.c.#,,,,,,,,*,,
#cp..C.#,,,,,,,,*,,
#..)...#,,,,,,,,+,,
#.)...T#***********
#)D..c.# ###
#+###### #..
#......##########..
#......#........#..
#......#........#..
#...[..#...>†...#..
#......#.[..†...#..
#......'........'..
#......†........#..


You could see an ironbound preserver (fleeing), a fire giant (strong, fleeing,
misshapen), a deep troll (strong, fleeing, misshapen), an ironbound convoker
(invisible, fleeing, catching breath) and 3 yaktaurs.

Vanquished Creatures
  Mennas (Vaults:1)
  Nikola (Shoals:2)
  Jorgrun (Spider:2)
  A lich (Vaults:1)
  Mlioglotl (Spider:2)
  A sphinx (Vaults:1)
  3 krakens
  A tengu reaver (Vaults:1)
  Donald (Spider:1)
  A fire giant (D:15)
  A fenstrider witch (Shoals:2)
  2 vault wardens (Vaults:2)
  The ghost of Kefanin the Geomancer, an adept GrEE of Vehumet (D:15)
  8 emperor scorpions
  The ghost of Garym the Severer, a journeyman MiBe of Trog (D:15)
  Louise (D:14)
  7 ghost moths
  12 ironbound preservers
  5 ironbound thunderhulks
  A reaper (D:14)
  2 broodmothers
  A stone giant (Vaults:1)
  15 very ugly things
  Azrael (Spider:2)
  4 spark wasps
  5 entropy weavers
  The ghost of ioannis32 the Protected, a journeyman DsBe of Trog (D:15)
  6 merfolk impalers (Shoals:4)
  2 yaktaur captains (Vaults:2)
  Harold (D:8)
  7 merfolk javelineers
  9 boulder beetles
  Fannar (Orc:1)
  A merfolk avatar (Shoals:4)
  2 ironbound frosthearts
  An ogre mage (D:15)
  A catoblepas (Lair:5)
  A jorogumo (Spider:4)
  2 radroaches
  Erolcha (D:11)
  2 alligator snapping turtles
  6 hydras
  Erica (D:10)
  8 two-headed ogres
  5 merfolk aquamancers
  10 centaur warriors
  2 satyrs (Shoals:4)
  5 death yaks (Lair:5)
  An orc high priest (Orc:2)
  2 tengu warriors (D:14)
  The ghost of sking99 the Summoner, a novice OpSu of Kikubaaqudgha (D:8)
  Nergalle (Orc:1)
  Sonja (Lair:4)
  5 pharaoh ants
  15 sea snakes
  2 skeletal warriors (D:14)
  2 sun moths
  9 steelbarb worms
  34 deep trolls
  An orb spider (Spider:4)
  9 lindwurms
  8 ironbound convokers
  5 wizards
  3 necromancers
  21 harpies
  A deep elf pyromancer (D:10)
  6 cyclopes
  36 ugly things
  17 manticores
  16 wolf spiders
  A sphinx skeleton (Vaults:1)
  4 orc sorcerers (Orc:2)
  10 fauns
  An elephant (shapeshifter) (Vaults:2)
  Joseph (D:9)
  A fire giant skeleton (Vaults:1)
  A stone giant zombie (Vaults:2)
  7 elephants
  21 merfolk sirens
  5 moths of wrath
  2 naga magi (Vaults:1)
  Maurice (D:9)
  6 water nymphs
  3 black mambas
  A gargoyle (D:12)
  4 vault sentinels
  9 cane toads
  3 human zombies (Vaults:1)
  4 torpor snails
  An unseen horror (Spider:3)
  16 demonic crawlers
  An efreet (D:15)
  10 komodo dragons
  2 rime drakes
  11 yaktaurs (Vaults:2)
  A tengu conjurer (Vaults:1)
  2 guardian mummies (D:15)
  A polar bear (shapeshifter) (D:14)
  7 polar bears
  8 trolls
  12 meliai
  24 merfolk
  A wind drake (Shoals:3)
  6 hornets
  A wolf spider simulacrum (D:15)
  Prince Ribbit (D:6)
  Grinder (D:6)
  21 tarantellas
  A dream sheep (shapeshifter) (D:14)
  13 blink frogs
  17 slime creatures
  A raiju (Spider:4)
  23 dream sheep
  An ettin zombie (Vaults:2)
  6 snapping turtles
  19 culicivoras
  23 jumping spiders
  A deep troll skeleton (Vaults:2)
  3 vampires
  A culicivora (shapeshifter) (D:14)
  2 wraiths
  57 yaks
  Eustachio (D:6)
  5 water elementals (Shoals:2)
  13 spriggans (Lair:6)
  2 wyverns
  2 humans (D:12)
  A yak (shapeshifter) (D:15)
  2 fire elementals (Spider:2)
  A human (shapeshifter) (D:14)
  4 basilisks
  3 vampire mosquitoes (D:11)
  2 steam dragons
  55 redbacks
  A swamp worm (Spider:3)
  An ogre zombie (Vaults:1)
  3 wargs
  An acid dragon (D:9)
  3 hell hounds (Spider:2)
  14 water moccasins
  16 orc warriors
  6 black bears
  A hornet zombie (D:6)
  21 wolves
  8 ogres
  12 necrophages
  14 boggarts
  13 centaurs
  4 kobold brigands
  Blork the orc (D:5)
  10 bullfrogs
  A wyvern zombie (D:6)
  An ogre simulacrum (Vaults:1)
  3 gnoll sergeants (D:8)
  A scorpion (D:4)
  A water moccasin zombie (D:5)
  A wyvern skeleton (D:7)
  A water moccasin skeleton (D:6)
  4 killer bees
  18 wights
  An electric eel (Spider:4)
  5 howler monkeys
  A crimson imp (Spider:1)
  8 jellies
  7 centaur zombies
  A centaur skeleton (D:7)
  15 orc priests
  Crazy Yiuf (D:2)
  3 gnoll shamans
  4 hounds
  4 iguanas
  4 hell rats
  30 orc wizards
  A mummy (D:8)
  A hound skeleton (D:5)
  19 gnolls
  5 adders
  2 white imps (D:6)
  An ufetubus (D:4)
  3 worms
  4 dart slugs
  44 orcs
  26 endoplasms
  3 giant cockroaches
  11 goblins
  7 hobgoblins
  4 jackals
  12 kobolds
  2 quokkas
  8 ball pythons
  7 bats
  2 frilled lizards
  5 rats
  6 tentacles
1238 creatures vanquished.

Vanquished Creatures (collateral kills)
  2 merfolk impalers (Shoals:4)
  A merfolk javelineer (Shoals:4)
  A boulder beetle (Spider:1)
  A merfolk aquamancer (Shoals:4)
  A wolf spider (Spider:3)
  A yaktaur (Vaults:2)
  A snapping turtle (Shoals:4)
  A spriggan (Lair:6)
  A wolf (Lair:6)
10 creatures vanquished.

Vanquished Creatures (others)
  Ilsuiw (Shoals:2)
  A sea snake (Shoals:4)
  A water elemental (Shoals:2)
  9 bushes
  49 fungi
  214 plants
  21 tentacles
296 creatures vanquished.

Grand Total: 1544 creatures vanquished

Notes
Turn   | Place    | Note
-------+----------+-------------------------------------------
     0 | D:1      | MisterFreud the Draconian Transmuter began the quest for
                  | the Orb.
     0 | D:1      | Reached XP level 1. HP: 16/16 MP: 3/3
   301 | D:1      | Noticed a golden eye
   303 | D:1      | Found a faded altar of an unknown god.
   305 | D:1      | Noticed a golden eye
   305 | D:1      | Noticed a floating eye
   305 | D:1      | Noticed a floating eye
   319 | D:1      | Prayed at the altar of an unknown god.
   319 | D:1      | Became a worshipper of Elyvilon the Healer
   319 | D:1      | Reached * piety under Elyvilon
   482 | D:1      | Reached XP level 2. HP: 23/23 MP: 3/5
   714 | D:1      | Reached ** piety under Elyvilon
   822 | D:1      | Found Qegom's Assorted Antiques.
   845 | D:1      | Bought a scroll labelled AFITTI KIUMOA for 22 gold pieces
   845 | D:1      | Bought a scroll labelled HIS VUSTRUG for 22 gold pieces
  1108 | D:1      | Reached XP level 3. HP: 24/28 MP: 6/6
  1111 | D:1      | Learned a level 2 spell: Wereblood
  1115 | D:1      | Learned a level 3 spell: Spider Form
  2103 | D:2      | Found a runed translucent door.
  2104 | D:2      | Noticed Crazy Yiuf
  2508 | D:3      | Reached XP level 4. HP: 32/35 MP: 7/7
  3196 | D:3      | Reached *** piety under Elyvilon
  3232 | D:3      | Reached skill level 5 in Transmutations
  3695 | D:4      | Reached XP level 5. HP: 41/41 MP: 4/8
  3733 | D:4      | Noticed a necrophage
  3745 | D:4      | Killed a necrophage
  3830 | D:4      | Reached skill level 4 in Unarmed Combat
  3830 | D:4      | Reached XP level 6. HP: 49/51 MP: 5/9
  4279 | D:4      | Noticed a water moccasin
  4295 | D:4      | Killed a water moccasin
  4438 | D:4      | Reached skill level 5 in Unarmed Combat
  4450 | D:4      | Your scales start taking on a rich purple colour.
  4450 | D:4      | Reached XP level 7. HP: 44/59 MP: 7/10
  5021 | D:5      | Entered Level 5 of the Dungeon
  5196 | D:5      | Reached skill level 6 in Unarmed Combat
  5220 | D:5      | Reached **** piety under Elyvilon
  5308 | D:5      | Learned a level 4 spell: Ice Form
  5821 | D:5      | Noticed Blork the orc
  5829 | D:5      | Killed Blork the orc
  6070 | D:5      | Reached XP level 8. HP: 66/66 MP: 8/14
  6324 | D:6      | Noticed a komodo dragon
  6345 | D:6      | Killed a komodo dragon
  6596 | D:6      | Reached skill level 1 in Ice Magic
  6671 | D:6      | Noticed Grinder
  6704 | D:6      | Killed Grinder
  6859 | D:6      | Reached ***** piety under Elyvilon
  6930 | D:6      | Noticed Prince Ribbit
  6939 | D:6      | Killed Prince Ribbit
  6940 | D:6      | Reached XP level 9. HP: 54/71 MP: 12/15
  7277 | D:6      | Noticed Eustachio
  7292 | D:6      | Killed Eustachio
  8098 | D:7      | Found a staircase to the Ecumenical Temple.
  8607 | D:7      | Reached skill level 1 in Invocations
  8607 | D:7      | Reached skill level 1 in Evocations
  9690 | D:8      | Noticed Harold
  9719 | D:8      | Killed Harold
  9720 | D:8      | Reached skill level 5 in Invocations
  9720 | D:8      | Reached skill level 5 in Evocations
  9720 | D:8      | Reached XP level 10. HP: 12/78 MP: 7/16
 10351 | D:8      | Found a transporter.
 10354 | D:8      | Noticed sking99's ghost (novice OpSu)
 10358 | D:8      | Found a transporter.
 10490 | D:8      | Identified the +6 trident of Truncation {chaos, rC+}
 10490 | D:8      | Identified the -2 kite shield of Xom's Benevolence {Will+}
 10540 | D:8      | Identified the ring "Polol" {rPois Will+ MP-9 Int+6}
 10578 | D:8      | Reached skill level 5 in Fighting
 11039 | D:8      | Reached skill level 7 in Unarmed Combat
 11813 | D:9      | Noticed Joseph
 11825 | D:9      | Killed Joseph
 12276 | D:9      | Found Kuvoetox's Antique Weapon Shoppe.
 12380 | D:9      | Reached skill level 8 in Unarmed Combat
 12568 | D:9      | Found Pieces's Assorted Antiques.
 12574 | D:9      | Found Mutet's Antique Armour Shop.
 12575 | D:9      | Bought an inky potion for 28 gold pieces
 12575 | D:9      | Bought a scroll of fear for 112 gold pieces
 12575 | D:9      | Bought a ruby potion for 28 gold pieces
 12639 | D:9      | Noticed a manticore
 12650 | D:9      | Killed a manticore
 12913 | D:9      | Reached XP level 11. HP: 66/94 MP: 13/17
 13298 | D:9      | Found Ojuotzaf's Book Boutique.
 13329 | D:9      | Noticed Maurice
 13361 | D:9      | Killed Maurice
 13362 | D:9      | Reached skill level 9 in Unarmed Combat
 13509 | D:9      | Found Launelar's Armour Shoppe.
 13553 | D:10     | Entered Level 10 of the Dungeon
 13556 | D:10     | Noticed Erica
 14348 | D:10     | Found a staircase to the Orcish Mines.
 14738 | D:10     | Found a staircase to the Lair.
 14747 | D:10     | Killed Erica
 14960 | D:10     | Noticed a deep elf pyromancer
 14966 | D:10     | Killed a deep elf pyromancer
 15152 | D:10     | Reached skill level 10 in Unarmed Combat
 15278 | D:10     | Found a basalt altar of Yredelemnul.
 15282 | D:10     | Found a glowing silver altar of Zin.
 15593 | D:11     | Noticed a five-headed hydra
 15668 | Lair:1   | Entered Level 1 of the Lair of Beasts
 15673 | Lair:1   | Reached skill level 10 in Fighting
 16239 | Lair:1   | Reached ****** piety under Elyvilon
 17269 | Lair:2   | Reached XP level 12. HP: 103/106 MP: 13/18
 17932 | Lair:2   | Reached skill level 10 in Dodging
 19163 | Lair:3   | Noticed a seven-headed hydra
 19171 | Lair:3   | Killed a seven-headed hydra
 20147 | Lair:3   | Noticed a seven-headed hydra
 20156 | Lair:3   | Killed a seven-headed hydra
 20481 | Lair:3   | Found a hole to the Spider Nest.
 21747 | Lair:4   | Noticed Sonja
 21773 | Lair:4   | Killed Sonja
 22397 | Lair:4   | Reached XP level 13. HP: 113/113 MP: 16/20
 22593 | Lair:4   | Reached skill level 10 in Invocations
 22617 | Lair:4   | Found a staircase to the Shoals.
 25397 | Lair:6   | Entered Level 6 of the Lair of Beasts
 25456 | Lair:6   | Reached skill level 11 in Unarmed Combat
 26366 | Lair:6   | Identified the +10 dagger "Cesetept" {chaos, *Noise rF+
                  | Dex+2}
 26826 | Lair:6   | Found a staircase to the Slime Pits.
 27339 | Lair:6   | Reached skill level 12 in Unarmed Combat
 27485 | Lair:6   | Reached skill level 10 in Evocations
 27810 | Lair:6   | Reached XP level 14. HP: 119/121 MP: 21/23
 28516 | Lair:6   | Reached skill level 13 in Unarmed Combat
 30608 | D:11     | Reached skill level 14 in Unarmed Combat
 31022 | D:11     | Noticed Erolcha
 31033 | D:11     | Killed Erolcha
 31269 | D:12     | Found an iron altar of Okawaru.
 31813 | D:9      | Bought a manual of Transmutations for 960 gold pieces
 33114 | D:13     | Reached skill level 5 in Spellcasting
 33938 | D:13     | Found a gate to the Vaults.
 34201 | D:13     | Reached skill level 15 in Unarmed Combat
 34619 | D:14     | Noticed Louise
 34751 | Orc:1    | Entered Level 1 of the Orcish Mines
 34903 | Orc:2    | Entered Level 2 of the Orcish Mines
 35096 | Orc:2    | Reached skill level 10 in Transmutations
 35664 | Orc:2    | Paralysed by an orc sorcerer for 4 turns
 36000 | Orc:2    | Found a staircase to the Elven Halls.
 36094 | Orc:2    | Found Zuhoeso's Distillery.
 36094 | Orc:2    | Found Xeth's Distillery.
 36095 | Orc:2    | Found Xaepparu's Assorted Antiques.
 36099 | Orc:2    | Found Coarhueta's Antique Weapon Shop.
 36495 | Orc:2    | Found a runed translucent door.
 36524 | Orc:2    | Found a runed translucent door.
 36557 | Orc:2    | Found the +10 tower shield of Ignorance {rN+ Int-4}
 36736 | Orc:1    | Noticed Nergalle
 36742 | Orc:1    | Killed Nergalle
 36743 | Orc:1    | Reached XP level 15. HP: 126/126 MP: 20/25
 36779 | Orc:1    | Noticed Fannar
 36789 | Orc:1    | Killed Fannar
 36889 | Orc:1    | Got the Disquisition on Congealing Stolen Souls
 37417 | D:9      | Bought a book of the Dragon for 552 gold pieces
 37425 | D:9      | Learned a level 7 spell: Dragon Form
 37523 | Spider:1 | Entered Level 1 of the Spider Nest
 39195 | Spider:1 | HP: 3/126 [ghost moth (12)]
 39198 | Spider:1 | HP: 1/126 [ghost moth (3)]
 40289 | D:14     | Found a shadowy altar of Dithmenos.
 40526 | D:14     | Found Paukanli's Assorted Antiques.
 40532 | D:14     | Bought a wand of polymorph (7) for 72 gold pieces
 41025 | D:14     | Killed Louise
 41178 | D:14     | Reached skill level 15 in Transmutations
 41560 | D:14     | Found the +5 scythe "Finisher" {speed, eviscerate}
 41642 | D:15     | Entered Level 15 of the Dungeon
 42624 | D:15     | Found a staircase to the Depths.
 42624 | D:15     | Noticed a fire giant
 43349 | D:15     | Killed a fire giant
 43633 | D:15     | Found Miolimo's General Store.
 43639 | D:15     | Bought a wand of iceblast (6) for 120 gold pieces
 43684 | D:15     | Found a portal to a secret trove of treasure.
 44018 | D:15     | Found a runed translucent gate.
 44018 | D:15     | Found a runed translucent gate.
 44018 | D:15     | Found a runed translucent gate.
 44019 | D:15     | Noticed ioannis32's ghost (journeyman DsBe)
 44019 | D:15     | Noticed Kefanin's ghost (adept GrEE)
 44020 | D:15     | Noticed Garym's ghost (journeyman MiBe)
 44723 | Shoals:1 | Entered Level 1 of the Shoals
 44962 | Shoals:1 | Reached XP level 16. HP: 133/134 MP: 22/28
 46033 | D:15     | Bought a book of Transfigurations for 480 gold pieces
 46039 | D:15     | Learned a level 5 spell: Irradiate
 46321 | Shoals:2 | Reached skill level 1 in Conjurations
 46499 | Shoals:2 | Noticed Nikola
 46509 | Shoals:2 | Killed Nikola
 46747 | Shoals:2 | Noticed a kraken
 46768 | Shoals:2 | Killed a kraken
 47078 | Shoals:2 | Noticed Ilsuiw
 47098 | Shoals:2 | Killed Ilsuiw
 47450 | Shoals:2 | Paralysed by a fenstrider witch for 6 turns
 48101 | Shoals:2 | Reached skill level 5 in Conjurations
 48166 | Shoals:2 | Noticed a kraken
 48174 | Shoals:2 | Killed a kraken
 49912 | Shoals:3 | Found Qafefuomn's Distillery.
 49991 | Shoals:3 | Bought a potion of heal wounds for 60 gold pieces
 49991 | Shoals:3 | Bought a potion of berserk rage for 60 gold pieces
 49991 | Shoals:3 | Bought a potion of cancellation for 96 gold pieces
 49991 | Shoals:3 | Bought a potion of haste for 120 gold pieces
 50101 | Shoals:4 | Entered Level 4 of the Shoals
 50626 | Spider:1 | Noticed Donald
 50637 | Spider:1 | Killed Donald
 50861 | Spider:2 | Noticed Mlioglotl
 51133 | Spider:2 | Killed Mlioglotl
 51516 | Spider:2 | Noticed Azrael
 51531 | Spider:2 | Killed Azrael
 51776 | Spider:2 | Reached XP level 17. HP: 144/144 MP: 29/29
 51904 | Spider:2 | Noticed Jorgrun
 51918 | Spider:2 | Killed Jorgrun
 52880 | Spider:3 | Reached skill level 16 in Unarmed Combat
 54026 | Spider:4 | Entered Level 4 of the Spider Nest
 55104 | Spider:4 | Reached skill level 17 in Unarmed Combat
 55687 | Spider:4 | Found the +3 hat of Pondering {ponderous, Will+ MP+10
                  | Int+5}
 56142 | Spider:4 | Got a gossamer rune of Zot
 57017 | Shoals:4 | Reached XP level 18. HP: 52/161 MP: 24/30
 58309 | Shoals:4 | Reached skill level 18 in Unarmed Combat
 58332 | Shoals:4 | Reached skill level 15 in Fighting
 58349 | Shoals:4 | HP: 11/244 [merfolk aquamancer/shard of ice (34)]
 58373 | Shoals:4 | HP: 10/244 [sea snake (15)]
 58904 | Shoals:4 | Got a barnacled rune of Zot
 59574 | Shoals:4 | Reached skill level 19 in Unarmed Combat
 60199 | D:15     | Killed ioannis32's ghost
 60209 | D:15     | Killed Kefanin's ghost
 60224 | D:15     | Killed Garym's ghost
 60767 | D:8      | Killed sking99's ghost
 61159 | D:2      | Killed Crazy Yiuf
 61484 | Vaults:1 | Entered Level 1 of the Vaults
 61603 | Vaults:1 | Found a flickering gateway to a bazaar.
 61737 | Bazaar   | Entered a bazaar
 61737 | Bazaar   | Found Opecickeij's Assorted Antiques.
 61737 | Bazaar   | Found Pugh's Distillery.
 61738 | Bazaar   | Found Uqalonutz's Weapon Emporium.
 61738 | Bazaar   | Found Wuostriw's Magic Scroll Emporium.
 61763 | Bazaar   | Bought a potion of heal wounds for 75 gold pieces
 61763 | Bazaar   | Bought a potion of mutation for 120 gold pieces
 61767 | Bazaar   | Bought a scroll of teleportation for 99 gold pieces
 61767 | Bazaar   | Bought a wand of mindburst (6) for 132 gold pieces
 61767 | Bazaar   | Bought a wand of digging (3) for 264 gold pieces
 61767 | Bazaar   | Bought a scroll of fog for 66 gold pieces
 61767 | Bazaar   | Bought a scroll of fog for 66 gold pieces
 62486 | Vaults:1 | Reached skill level 20 in Unarmed Combat
 62618 | Vaults:1 | Found a radiant altar of Vehumet.
 62618 | Vaults:1 | Noticed a lich
 62621 | Vaults:1 | Killed a lich
 62733 | Vaults:1 | Identified the +2 hat of Precision Catastrophes {rElec
                  | Will+ Str+2 Stlth+}
 63648 | Vaults:1 | Reached XP level 19. HP: 170/170 MP: 23/31
 64989 | Vaults:2 | Reached skill level 21 in Unarmed Combat
 65504 | Vaults:2 | Noticed Mennas
 66044 | Vaults:1 | Reached XP level 20. HP: 167/184 MP: 24/32
 66054 | Vaults:1 | Killed Mennas
 66932 | Vaults:2 | HP: 13/280 [fire giant/+1 great sword of flaming (27)]
 66933 | Vaults:2 | Elyvilon protects you from harm!
 66934 | Vaults:2 | HP: 5/280 [fire giant/+1 great sword of flaming (7)]
 66934 | Vaults:2 | HP: 1/280 [yaktaur[a yaktaur captain] (4)]
 66937 | Vaults:2 | Elyvilon protects you from harm!
 66939 | Vaults:2 | Killed from afar by a fire giant

Illustrated notes

Levels and vault maps discovered:
D:1:      amcnicky_arrival_blooded_trapdoor, layout_basic, serial_shops, shop,
          hellmonk_ecumenical_altar_watching_god, grunt_decor_cap,
          chequers_mini_garden
D:2:      layout_basic, uniq_crazy_yiuf_cottage
D:3:      layout_loops_ring
D:4:      layout_loops_ring
D:5:      layout_loops_corners, uniq_blork_the_orc
D:6:      layout_basic, minivault_10, uniq_grinder, uniq_prince_ribbit1,
          uniq_eustachio
D:7:      layout_basic, minmay_temple_entry_mist, glass_columns_c,
          abandoned_shop
D:8:      layout_basic, gammafunk_ghost_gnarly_gnolls, serial_undead,
          serial_undead_a, serial_undead_c, serial_undead_f, serial_undead_d,
          chequers_serial_rivers_small_b, uniq_harold
D:9:      cheibrodos_barr_body, layout_rooms, serial_shops, shop_fountains,
          nicolae_shop_overgrown_old_shop, nicolae_shop_overgrown_old_shop,
          shop, shop, uniq_joseph, uniq_maurice
D:10:     layout_roguey, nicolae_overflow_hidden_temple, lair_entry_dummy,
          david_orc_2, minmay_microvault, uniq_erica
D:11:     layout_basic, serial_curves, eino_curves_02, eino_curves_04,
          item_on_display_a, uniq_erolcha
D:12:     layout_loops_cross, okawaru_humans
D:13:     layout_roguey, david_vaults_1
D:14:     layout_loops_cross, lemuel_doored_altar, serial_shops,
          nicolae_square_shop, minmay_guarded_unrand_finisher, uniq_louise
D:15:     grunt_enter_depths_giant_problem, layout_loops_ring,
          gammafunk_ghost_cemetery, nicolae_trove_entry_path_of_doom,
          serial_shops, nicolae_shop_trees, minmay_misc_feat_columns
Lair:1:   layout_loops_ring, evilmike_ambush [evilmike_ambush_outer_doors,
          evilmike_ambush_inner_basic]
Lair:2:   lemuel_slime, layout_gridlike, roderic_carrion_pond
Lair:3:   wander_river, layout_regular_city, nicolae_spider_entry_tight_spaces,
          serial_forest, infiniplex_forest_end_1, infiniplex_forest_straight_2,
          infiniplex_forest_fountain, infiniplex_forest_straight_2,
          infiniplex_forest_end_1, serial_bayou_pond_c
Lair:4:   layout_misc_corridors, elwin_shoals_entry_rocks, uniq_sonja
Lair:5:   layout_roguey, nicolae_lair_grazing_beasts
          [nicolae_sub_lair_graze_edge, nicolae_sub_lair_graze_edge,
          nicolae_sub_lair_graze_edge, nicolae_sub_lair_graze_edge]
Lair:6:   minmay_lair_end_enchanted_forest, layout_regular_city, slime_dummy,
          nicolae_volcano_entry_lava_flow, grunt_megastairs_4
Shoals:1: layout_shoals
Shoals:2: layout_shoals, portal_ice_cave_entry_ugly_swarm,
          nicolae_shoals_beach_house_on_fowls_legs, uniq_nikola, uniq_ilsuiw
Shoals:3: layout_shoals, serial_shops, nicolae_shop_advertising_works
          [nicolae_subvault_shop_adworks], nicolae_shoals_lost_giant_baths
Shoals:4: shoals_end_simple, layout_shoals, shoal_ilsuiw, abandoned_shop
Spider:1: layout_spider_delve, nicolae_crawler_farm, uniq_donald
Spider:2: layout_spider_delve, hangedman_spider_tarantella_strand, uniq_azrael,
          uniq_mlioglotl, uniq_jorgrun
Spider:3: layout_spider_delve, worms_lemuel
Spider:4: grunt_spider_rune_circles, nicolae_spider_moth_buddies
Orc:1:    layout_caves, guppyfry_library_mini, uniq_fannar, uniq_nergalle
Orc:2:    st_orc_mages, layout_diamond_mine, chequers_guarded_unrand_ignorance
Vaults:1: grunt_vaults_funnel, v_misc_27, nicolae_vaults_what_the_h,
          grunt_tower_of_power, nicolae_vaults_ninety_degrees,
          ontoclasm_vaults_pinch, dpeg_vaults_monster_box,
          layout_vaults_omnigrid, serial_shops, bzr_entry_safe
Vaults:2: portal_desolation_entry_nicolae_slug, hangedman_vaults_trim,
          nicolae_vaults_arrows, v_misc_12, v_misc_10, vaults_mumra_hexcomb,
          hangedman_vaults_stream, vaults_room_glass_cross,
          nicolae_vaults_circle_grid_a, hangedman_vaults_impose,
          nicolae_vaults_shelves_hall, nicolae_vaults_little_squares_3,
          vaults_room_stairs_pillars, layout_vaults_omnibox, uniq_mennas

Skill      XL: |  1  2  3  4  5  6  7  8  9 10 11 12 13 14 15 16 17 18 19 |
---------------+----------------------------------------------------------+-----
Transmutations | 3 4 5 6 8 10 16 18 | 18.0
Fighting       | 2 3 4 8 10 11 14 15 17 | 17.8
Unarmed Combat | 4 5 6 8 10 12 15 17 20 21 | 21.7
Spellcasting   | 4 6 8 |  8.0
Dodging        | 4 6 9 10 | 10.0
Ice Magic      | 3 4 |  4.0
Invocations    | 5 9 12 | 12.0
Evocations     | 5 8 10 | 10.0
Conjurations   | 8 |  8.0

Action                   |  1- 3 |  4- 6 |  7- 9 | 10-12 | 13-15 | 16-18 | 19-21 || total
-------------------------+-------+-------+-------+-------+-------+-------+-------++-------
Melee: Unarmed           |   125 |   166 |   304 |   689 |  1170 |   949 |   214 ||  3617
       Kick              |    22 |    11 |     3 |       |       |       |       ||    36
       Tailslap          |     8 |     5 |     8 |     5 |    21 |   163 |    47 ||   257
       Headbutt          |    10 |     2 |     2 |       |       |       |       ||    14
       Punch             |       |     1 |     4 |     1 |    17 |   139 |    34 ||   196
       Bite              |       |       |       |       |    13 |   132 |    36 ||   181
Throw: Dart              |       |       |     7 |     2 |     3 |       |       ||    12
 Cast: Beastly Appendage |    27 |    10 |     1 |       |       |       |       ||    38
       Spider Form       |     2 |     8 |    17 |       |    11 |     1 |       ||    39
       Ice Form          |       |       |    12 |    66 |    98 |     2 |       ||   178
       Dragon Form       |       |       |       |       |    14 |    94 |    12 ||   120
       Irradiate         |       |       |       |       |       |     7 |     3 ||    10
Invok: Heal Self         |       |       |     3 |     8 |    10 |    11 |     9 ||    41
       Purification      |       |       |       |       |     4 |     7 |     1 ||    12
       Divine Vigour     |       |       |       |       |     1 |       |       ||     1
 Abil: End Transformatio |       |       |     1 |       |     1 |       |       ||     2
       Breathe Dispellin |       |       |       |       |       |     1 |       ||     1
Evoke: Wand              |       |       |       |    10 |     9 |    17 |     3 ||    39
       Lightning rod     |       |       |       |     4 |     4 |     3 |       ||    11
       Piece from Xom's  |       |       |       |     1 |     1 |       |     1 ||     3
       Box of beasts     |       |       |       |       |     2 |     4 |     2 ||     8
       Phantom mirror    |       |       |       |       |       |       |     1 ||     1
  Use: Scroll            |     3 |     5 |     6 |    13 |     8 |     3 |     5 ||    43
       Potion            |       |       |       |     1 |     4 |     3 |     5 ||    13
 Stab: Sleeping          |     1 |     1 |     1 |       |     1 |     1 |       ||     5
       Distracted        |       |       |       |       |       |     1 |       ||     1
       Invisible         |       |       |       |       |       |     8 |       ||     8
Armor: Skin              |    48 |    51 |    53 |   156 |   289 |   503 |   108 ||  1208
Dodge: Dodged            |    69 |   113 |   183 |   464 |   817 |   795 |   133 ||  2574
